 Dungeon Sprint DCSS version 0.26-a0-964-g69f9a3b9e2 (webtiles) character file.

Game seed: 8996541311314708670

6874 nel the Brawler (level 10, -9/97 HPs)
             Began as a White Draconian Transmuter on Dec 2, 2020.
             Was a Believer of Nemelex Xobeh.
             Mangled by a lorocyproca (27 damage)
             ... in the Dungeon (Sprint I: "Red Sonja").
             The game lasted 00:18:15 (2565 turns).

nel the Brawler (White Draconian Transmuter)        Turns: 2565, Time: 00:18:16

Health: -9/97      AC:  7    Str: 18    XL:     10   Next: 78%
Magic:  0/14       EV: 18    Int: 13    God:    Nemelex Xobeh [**....]
Gold:   602        SH:  0    Dex: 13    Spells: 4/15 levels left

rFire    + + .     SeeInvis .     - Unarmed
rCold    + + +     Faith    .   (no shield)
rNeg     . . .     Spirit   +   (armour unavailable)
rPois    +         Reflect  .   (helmet restricted)
rElec    .         Harm     .   j - scarf {rC+ rF+}
rCorr    .         Rampage  .   (no gloves)
MR       +....     NoTele   +   (no boots)
Stlth    +.........             i - amulet of guardian spirit
HPRegen  0.26/turn              c - ring of Igamn {rPois rF+ rC+ MR+ Str+3}
MPRegen  0.14/turn              (no ring)

@: short of breath
A: breathe frost, unfitting armour, cold resistance 1, cold-blooded, AC +7
a: Breathe Frost, Draw Escape, Draw Destruction, Draw Summoning, Renounce
Religion


You were in the Dungeon.
You worshipped Nemelex Xobeh.
Nemelex Xobeh was pleased with you.
You visited 1 branch You collected 1018 gold pieces.
You spent 416 gold pieces at shops.

Inventory:

Armour
 j - a scarf of resistance (worn)
Jewellery
 c - the ring of Igamn (left hand) {rPois rF+ rC+ MR+ Str+3}
   (You found it in the Dungeon)

   [ring of protection from cold]

   It affects your strength (+3).
   It protects you from fire.
   It protects you from cold.
   It protects you from poison.
   It affects your resistance to hostile enchantments.
 i - an amulet of guardian spirit (around neck)
Wands
 f - a wand of flame (7)
 h - a wand of iceblast (8)
Scrolls
 g - a scroll of blinking
Potions
 a - a potion of flight
 b - a potion of curing
 e - 2 potions of magic


   Skills:
 + Level 12.0 Fighting
 + Level 10.6 Dodging
 * Level 15.6 Unarmed Combat
 - Level 3.0 Spellcasting
 + Level 13.1 Transmutations


You had 4 spell levels left.
You knew the following spells:

 Your Spells              Type           Power        Failure   Level
a - Beastly Appendage     Tmut           #####.       1%          1
b - Wereblood             Tmut           #####...     1%          2
c - Spider Form           Tmut/Pois      ###.......   4%          3
d - Blade Hands           Tmut           #####.....   3%          5

Your spell library contained the following spells:

 Spells                   Type           Power        Failure   Level
 Ice Form                 Ice/Tmut       ###.....     16%         4


Dungeon Overview and Level Annotations

Branches:
Dungeon (1/1)

Altars:
Cheibriados
Dithmenos
Elyvilon
Fedhas
Gozag
Hepliaklqana
Kikubaaqudgha
Makhleb
Nemelex Xobeh
Okawaru
Qazlal
Ru
Sif Muna
Trog
Uskayaw
Vehumet
Wu Jian
Xom
Yredelemnul
Zin
The Shining One
Jiyva
Lugonu

Shops:
D ?[


Innate Abilities, Weirdness & Mutations

You can breathe waves of freezing cold.
You can buffet flying creatures when you breathe cold.
Your icy white scales are hard. (AC +7)
You cannot fit into any form of body armour.
Your flesh is cold resistant. (rC+)
You are cold-blooded and may be slowed by cold attacks.


Message History

Your naga sharpshooter gestures wildly while chanting.
Your naga sharpshooter magically shoots an arrow.
The arrow disappears in a puff of smoke! x2
Something hits your naga sharpshooter but does no damage.
Unknown command.
You swap places.
Your naga sharpshooter spits poison at something.
The splash of poison hits something.
Something hits you.
* * * LOW HITPOINT WARNING * * *
You feel your power leaking away.
Unknown command.
You hit something but do no damage.
Your naga sharpshooter falters for a moment.
Something hits you!
* * * LOW HITPOINT WARNING * * *
You closely miss something.
Your naga sharpshooter shoots an arrow.
The arrow disappears in a puff of smoke!
Something hits you!!
You die...
Your body disappears without a glow.

##################
#c)#[.{..#..{..#__
#..'.)#..').#..)^.
#..#####'#####'#__
#.{####..#(..#.###
#@.#__####..##†#§§
#N.#_____##'#_.§≈≈
#⌠⌠#_.∩...'((._#≈≈
####_..__##_(#'##§
#_____###'#.#§§
#########[####'
+...'... #...####
##.###..


You could see a friendly naga sharpshooter (summoned, catching breath) and a
friendly yaktaur (summoned, wandering).

Vanquished Creatures
  2 centaur warriors (D)
  Sonja (D)
  A deep troll (D)
  2 unseen horrors (D)
  An oklob plant (D)
  A lindwurm (D)
  A gargoyle (D)
  2 kobold demonologists (D)
  3 demonic crawlers (D)
  A hornet (D)
  A slime creature (D)
  2 redbacks (D)
  Sigmund (D)
  A yak (D)
  A floating eye (D)
  An ogre (D)
  A jelly (D)
  Ijyb (D)
24 creatures vanquished.

Vanquished Creatures (others)
  A hornet (D)
1 creature vanquished.

Grand Total: 25 creatures vanquished

Notes
Turn   | Place    | Note
-------+----------+-------------------------------------------
     0 | D        | nel the Draconian Transmuter began the quest for the Orb.
     0 | D        | Reached XP level 1. HP: 16/16 MP: 3/3
     2 | D        | Noticed Ijyb
    36 | D        | Killed Ijyb
    37 | D        | Reached skill level 4 in Unarmed Combat
    37 | D        | Reached XP level 2. HP: 15/23 MP: 3/6
   146 | D        | Noticed an ogre
   149 | D        | Killed an ogre
   150 | D        | Reached skill level 6 in Unarmed Combat
   150 | D        | Reached XP level 3. HP: 14/31 MP: 5/7
   150 | D        | Reached XP level 4. HP: 17/38 MP: 5/8
   367 | D        | Noticed Sigmund
   383 | D        | Killed Sigmund
   384 | D        | Reached skill level 5 in Fighting
   384 | D        | Reached skill level 5 in Dodging
   384 | D        | Reached skill level 8 in Unarmed Combat
   384 | D        | Reached skill level 5 in Transmutations
   384 | D        | Reached XP level 5. HP: 21/48 MP: 9/9
   389 | D        | Learned a level 2 spell: Wereblood
   393 | D        | Learned a level 3 spell: Spider Form
   563 | D        | Found an ornate altar of the Wu Jian Council.
   563 | D        | Found a shimmering blue altar of Sif Muna.
   565 | D        | Found a radiant altar of Vehumet.
   570 | D        | Reached XP level 6. HP: 53/56 MP: 8/10
   577 | D        | Found Gaskesch's Magic Scroll Emporium.
   577 | D        | Found an ancient bone altar of Kikubaaqudgha.
   577 | D        | Found a hazy altar of Hepliaklqana.
   577 | D        | Found a stormy altar of Qazlal.
   577 | D        | Found a hide-covered altar of Uskayaw.
   577 | D        | Found a blossoming altar of Fedhas.
   577 | D        | Found a bloodstained altar of Trog.
   577 | D        | Found an iron altar of Okawaru.
   577 | D        | Found a basalt altar of Yredelemnul.
   577 | D        | Found a glowing golden altar of the Shining One.
   577 | D        | Found a snail-covered altar of Cheibriados.
   577 | D        | Found a sacrificial altar of Ru.
   577 | D        | Found a glowing silver altar of Zin.
   577 | D        | Found a shadowy altar of Dithmenos.
   577 | D        | Found a white marble altar of Elyvilon.
   577 | D        | Noticed a yak
   579 | D        | Found an opulent altar of Gozag.
   588 | D        | Killed a yak
   589 | D        | Reached skill level 9 in Unarmed Combat
   605 | D        | Found a sparkling altar of Nemelex Xobeh.
   687 | D        | Noticed Sonja
   702 | D        | Killed Sonja
   703 | D        | Reached skill level 11 in Unarmed Combat
   703 | D        | Your scales start taking on an icy white colour.
   703 | D        | Reached XP level 7. HP: 39/67 MP: 9/11
   703 | D        | Gained mutation: Your flesh is cold resistant. (rC+) [White
                  | Draconian growth]
   840 | D        | Became a worshipper of Nemelex Xobeh the Trickster
   856 | D        | Noticed a centaur warrior
   865 | D        | Learned a level 5 spell: Blade Hands
   870 | D        | Noticed a centaur warrior
   877 | D        | Killed a centaur warrior
   878 | D        | Reached skill level 12 in Unarmed Combat
   878 | D        | Reached skill level 10 in Transmutations
   878 | D        | Reached XP level 8. HP: 16/75 MP: 9/12
   884 | D        | Killed a centaur warrior
   885 | D        | Reached XP level 9. HP: 7/83 MP: 10/13
  1217 | D        | Got an ancient golden ring
  1227 | D        | Identified the ring of Igamn {rPois rF+ rC+ MR+ Str+3} (You
                  | found it in the Dungeon)
  1255 | D        | Noticed a deep troll
  1266 | D        | Killed a deep troll
  1267 | D        | Reached skill level 13 in Unarmed Combat
  1385 | D        | Found Tashi's Armour Emporium.
  1392 | D        | Bought a scarf of resistance for 416 gold pieces
  1414 | D        | Reached skill level 10 in Fighting
  1514 | D        | Noticed an oklob plant
  1524 | D        | Killed an oklob plant
  1614 | D        | Reached * piety under Nemelex Xobeh
  1638 | D        | Killed an unseen horror
  1639 | D        | Reached skill level 14 in Unarmed Combat
  1639 | D        | Reached XP level 10. HP: 85/94 MP: 9/14
  1670 | D        | Killed an unseen horror
  1850 | D        | Found a burning altar of Makhleb.
  1850 | D        | Found a viscous altar of Jiyva.
  1850 | D        | Found a shimmering altar of Xom.
  1850 | D        | Found a corrupted altar of Lugonu.
  1902 | D        | Reached skill level 10 in Dodging
  1902 | D        | Noticed a sun demon
  1941 | D        | Reached skill level 15 in Unarmed Combat
  2446 | D        | Received a gift from Nemelex Xobeh
  2447 | D        | Noticed a lindwurm
  2450 | D        | Killed a lindwurm
  2487 | D        | Noticed a gargoyle
  2494 | D        | Killed a gargoyle
  2499 | D        | Reached ** piety under Nemelex Xobeh
  2565 | D        | Mangled by a lorocyproca

Illustrated notes

Levels and vault maps discovered:
D:        dungeon_sprint_1 [red_sonja_temple_1, red_sonja_temple_small_1]

Skill      XL: |  1  2  3  4  5  6  7  8  9 10 |
---------------+-------------------------------+-----
Dodging        | 2 4 5 7 8 9 10 | 10.6
Unarmed Combat | 4 6 8 11 12 14 15 | 15.6
Spellcasting   | 3 |  3.0
Fighting       | 3 5 7 8 9 10 12 | 12.0
Transmutations | 4 5 9 10 11 12 13 | 13.1

Action                   |  1- 3 |  4- 6 |  7- 9 | 10-12 || total
-------------------------+-------+-------+-------+-------++-------
Melee: Unarmed           |    21 |    24 |    28 |    49 ||   122
       Kick              |     6 |     3 |       |       ||     9
       Headbutt          |     3 |     4 |       |       ||     7
       Tailslap          |     3 |     1 |       |     4 ||     8
       Punch             |       |       |       |     2 ||     2
 Cast: Beastly Appendage |     3 |     2 |       |       ||     5
       Spider Form       |       |     2 |     6 |     1 ||     9
       Blade Hands       |       |       |       |     6 ||     6
       Wereblood         |       |       |       |     1 ||     1
Invok: Draw Summoning    |       |       |       |     2 ||     2
 Abil: Breathe Frost     |       |       |     1 |     5 ||     6
Evoke: Wand              |       |     1 |     1 |       ||     2
  Use: Potion            |     1 |     1 |     3 |     1 ||     6
Armor: Skin              |     3 |     1 |     3 |    13 ||    20
Dodge: Dodged            |     9 |    17 |    24 |    59 ||   109

Table legend: (Time is in decaauts)
 A = Elapsed time spent in this place.
 B = Non-inter-level travel time spent in this place.
 C = Inter-level travel time spent in this place.
 D = Time resting spent in this place.
 E = Time spent auto-exploring this place.
 F = Levels seen in this place.
 G = Mean time per level.
                   A        B        C        D        E       F      G
               +--------+--------+--------+--------+--------+-----+--------+
         Total |   2545 |   2518 |     27 |   1841 |     43 |   1 | 2545.0 |
       Dungeon |   2545 |   2518 |     27 |   1841 |     43 |   1 | 2545.0 |
               +--------+--------+--------+--------+--------+-----+--------+

Top non-repeatable levels by time:
       D: 2545 daAuts
